 Dungeon Crawl Stone Soup version 0.19-a0-1019-g9c6a58d (webtiles) character file.

285 Arkorax the Cutter (level 6, 0/57 HPs)
             Began as a Naga Berserker on July 26, 2016.
             Was a Priest of Trog.
             Slain by an orc
             ... wielding a +0 whip
              (6 damage)
             ... on level 3 of the Dungeon.
             The game lasted 00:03:51 (3248 turns).

Arkorax the Cutter (Naga Berserker)                 Turns: 3248, Time: 00:03:52

Health: 0/57       AC:  3    Str: 20    XL:     6   Next: 29%
Magic:  0/6        EV: 10    Int:  8    God:    Trog [***...]
Gold:   92         SH:  0    Dex: 11    Spells: 0 memorised, 5 levels left

rFire  . . .     SeeInvis +     a - +0 short sword
rCold  . . .     Gourm    .     b - +0 animal skin
rNeg   . . .     Faith    .     (no shield)
rPois  +         Spirit   +     (no helmet)
rElec  .         Dismiss  .     (no cloak)
rCorr  .         Reflect  .     (no gloves)
SustAt .         Harm     .     (no barding)
MR     ++...                    u - amulet of guardian spirit
Stlth  +.........               (no ring)
                                (no ring)

@: exhausted, regenerating, slowed, very slow, very resistant to hostile
enchantments, very unstealthy
A: see invisible, deformed body, poison resistance, slowness 2, slow metabolism
1, spit poison 2, AC +2
a: Spit Poison, Berserk, Trog's Hand, Burn Spellbooks, Renounce Religion


You were on level 3 of the Dungeon.
You worshipped Trog.
Trog was most pleased with you.
You were near starving.

You visited 1 branch of the dungeon, and saw 3 of its levels.

You collected 92 gold pieces.

Inventory:

Hand Weapons
 a - a +0 short sword (weapon)
Armour
 b - a +0 animal skin (worn)
 p - a +0 ring mail
Jewellery
 u - an amulet of guardian spirit (around neck)
Wands
 o - a wand of paralysis (13/24)
Scrolls
 d - a scroll of blinking {unknown}
 e - a scroll of teleportation {unknown}
 f - a scroll of random uselessness {unknown}
 l - a scroll of fog {unknown}
 m - 2 scrolls of identify {unknown}
 r - a scroll of remove curse {unknown}
 v - a scroll of recharging {unknown}
Potions
 g - a potion of beneficial mutation {unknown}
 i - 2 potions of heal wounds {unknown}
 j - 2 potions of brilliance {unknown}
 k - a potion of lignification {unknown}
 n - a potion of curing {unknown}
 q - a potion of might {unknown}
 t - a potion of flight {unknown}
Comestibles
 c - 2 bread rations
 h - 3 beef jerkies
 s - a chunk of flesh


   Skills:
 + Level 4.2 Fighting
 * Level 5.3 Short Blades
 + Level 2.8 Armour
 - Level 1.5 Dodging


You had 5 spell levels left.
You didn't know any spells.

Dungeon Overview and Level Annotations

Branches:
Dungeon (3/15)

Altars:
Gozag


Innate Abilities, Weirdness & Mutations

You cannot wear boots.
Your serpentine skin is tough. (AC +2)
You have supernaturally acute eyesight. (SInv)
Armour fits poorly on your strangely shaped body.
Your system is resistant to poisons. (rPois)
You cover ground very slowly.
You have a slow metabolism.
You can spit poison.


Message History

* * * LOW HITPOINT WARNING * * *
You hit the orc priest.
You kill the orc priest!
Trog accepts your kill. The orc hits you with a whip.
* * * LOW HITPOINT WARNING * * *
The orc barely misses you.
You are no longer berserk.
You are exhausted.
You feel yourself slow down.
You are feeling very hungry.
Your skin stops crawling.
You feel less resistant to hostile enchantments.
The orc hits you but does no damage.
Items here: ))) [[ †† Your skin crawls.
You feel resistant to hostile enchantments.
You are near starving!
The orc misses you. The orc hits you with a whip!
You die...

###########...##.....
#....#...#...#.#
#######.##.#...#.#....
.>....................
#...................<.
...####.####...##.....
.### ###.!.............
.....##)..........######
......o@o...........
..................###
............(....[#
..................
........#.....####
####............
#..........##
##.........#


You could see 2 orcs.

Vanquished Creatures
  3 orc priests (D:3)
  Natasha (twice) (D:3)
  Terence (D:3)
  5 adders (D:2)
  A worm (D:2)
  A dart slug (D:1)
  2 giant geckos
  2 giant cockroaches (D:1)
  5 goblins
  8 hobgoblins
  8 jackals
  15 kobolds
  A ball python (D:2)
  7 bats
  8 giant newts
  10 rats
79 creatures vanquished.

Notes
Turn   | Place    | Note
-------+----------+-------------------------------------------
     0 | D:1      | Arkorax the Naga Berserker began the quest for the Orb.
     0 | D:1      | Reached XP level 1. HP: 21/21 MP: 1/1
   334 | D:1      | HP: 1/31 [kobold/club (3)]
   335 | D:1      | Reached XP level 2. HP: 1/28 MP: 2/2
   821 | D:1      | Reached XP level 3. HP: 17/34 MP: 3/3
  1113 | D:1      | Reached ** piety under Trog
  1571 | D:2      | Reached skill level 4 in Short Blades
  1571 | D:2      | Reached XP level 4. HP: 14/42 MP: 4/4
  1572 | D:2      | HP: 2/42 [worm (11)]
  2522 | D:2      | Found an opulent altar of Gozag.
  2848 | D:2      | Reached XP level 5. HP: 48/49 MP: 5/5
  3016 | D:3      | Noticed Natasha
  3025 | D:3      | Killed Natasha
  3094 | D:3      | Noticed Terence
  3104 | D:3      | Killed Terence
  3209 | D:3      | Reached *** piety under Trog
  3221 | D:3      | Noticed Natasha
  3228 | D:3      | Reached skill level 5 in Short Blades
  3234 | D:3      | Reached XP level 6. HP: 49/57 MP: 2/6
  3242 | D:3      | Killed Natasha
  3248 | D:3      | Slain by an orc

Vault maps used:
D:1:      dpeg_cavernosity
D:2:      nicolae_gozag_cash_rules_everything_around_me
D:3:      uniq_jessica, uniq_natasha, uniq_iyjb, uniq_terence

Skill      XL: |  1  2  3  4  5 |
---------------+----------------+-----
Armour         | 2 |  2.8
Short Blades   | 4 5 |  5.3
Fighting       | 4 |  4.2
Dodging        | |  1.5

Action                   |  1- 3 |  4- 6 || total
-------------------------+-------+-------++-------
Melee: Short sword       |   143 |   141 ||   284
Invok: Berserk           |     2 |     3 ||     5
       Trog's Hand       |       |     3 ||     3
 Abil: Spit Poison       |     3 |     4 ||     7
 Stab: Sleeping          |     2 |     2 ||     4
       Distracted        |       |     1 ||     1
  Eat: Chunk             |     3 |     3 ||     6
       Bread ration      |       |     1 ||     1
Armor: Animal skin       |    30 |    40 ||    70
Dodge: Dodged            |    84 |    90 ||   174
